 Dungeon Crawl Stone Soup version 0.29-a0-997-gf6f7e2dfe7 (webtiles) character file.

Game seed: 15695103443802649937

208 zishaf the Sneak (level 5, -2/28 HPs)
             Began as a Vine Stalker Brigand on Aug 4, 2022.
             Slain by Grinder (8 damage)
             ... on level 3 of the Dungeon.
             The game lasted 00:08:19 (2929 turns).

zishaf the Sneak (Vine Stalker Brigand)             Turns: 2929, Time: 00:08:19

Health: -2/28      AC:  5    Str: 13    XL:     5   Next: 86%
Magic:  0/6        EV: 11    Int: 11    God:
Gold:   99         SH:  4    Dex: 18    Spells: 4/4 levels left

rFire   . . .      SeeInvis .   a - +2 dagger
rCold   . . .      Faith    .   f - +0 buckler
rNeg    . . .      Spirit   +   l - +0 leather armour
rPois   .          Reflect  .   (no helmet)
rElec   .          Harm     .   c - +0 cloak
rCorr   +          Rampage  .   (no gloves)
Will    .....                   x - +0 pair of boots
Stlth   +++.......              (no amulet)
HPRegen 0.89/turn               g - ring of resist corrosion
MPRegen 0.10/turn               (no ring)

@: weak-willed
A: fangs 2, regeneration 1, magic shield, antimagic bite, no potion heal 2
a: no special abilities


You were on level 3 of the Dungeon.
You visited 1 branch of the dungeon, and saw 3 of its levels.
You also visited: Sewer.

You collected 129 gold pieces.
You spent 30 gold pieces at shops.

Inventory:

Hand Weapons
 a - a +2 dagger (weapon)
Missiles
 d - 8 poisoned darts (quivered)
 e - 3 curare-tipped darts
Armour
 b - a +0 robe
 c - a +0 cloak (worn)
 f - a +0 buckler (worn)
 l - a +0 leather armour (worn)
 x - a +0 pair of boots (worn)
Jewellery
 g - a ring of resist corrosion (left hand)
Wands
 v - a wand of charming (9)
Scrolls
 n - a scroll of identify
 q - a scroll of magic mapping
 s - a scroll of amnesia
 t - a scroll of vulnerability
 u - a scroll of poison {unknown}
 w - a scroll of enchant armour {unknown}
 y - a scroll of teleportation {unknown}
 z - 2 scrolls of brand weapon
 A - a scroll of immolation
Potions
 i - 2 potions of mutation {unknown}
 j - 3 potions of brilliance {unknown}
 k - 3 potions of flight
 m - a potion of attraction {unknown}
 o - a potion of curing {unknown}
 p - a potion of resistance {unknown}


   Skills:
 + Level 2.8 Fighting
 + Level 2.7 Short Blades
 + Level 2.8 Throwing
 - Level 1.0 Dodging
 + Level 5.8 Stealth
 + Level 1.5 Shields
 + Level 0.9 Evocations


You had 4 spell levels left.
You didn't know any spells.
Your spell library contained the following spells:

 Spells                   Type           Power      Damage    Failure   Level
 Conjure Ball Lightning   Conj/Air       0%         3x3d6     100%        6
 Discord                  Hex            0%         N/A       100%        8
 Disjunction              Tloc           0%         N/A       100%        8


Dungeon Overview and Level Annotations

Branches:
Dungeon (3/15)              Sewer (visited)

Altars:
Ru

Shops:
D:1 (   D:3 !

Annotations:
D:3 Grinder


Innate Abilities, Weirdness & Mutations

You have extremely sharp teeth.
Your natural rate of healing is unusually fast.
When hurt, damage is shared between your health and your magic reserves.
Your bite disrupts and absorbs the magic of your enemies.
Potions cannot restore your health.


Message History

The goblin shoots a sling bullet.
The sling bullet hits you. The worm bites you.
Grinder blinks!
The worm bites you.
The goblin shoots a sling bullet.
The sling bullet hits you.
The goblin shoots a sling bullet.
The sling bullet hits you but does no damage.
The worm bites you.
The worm splashes around in the water.
You can move again.
As you read the scroll labelled ILUOSANALO, it crumbles to dust.
You feel aware of your surroundings.
You sensed 1 altar.
It was a scroll of magic mapping.
The goblin shoots a sling bullet.
The sling bullet closely misses you.
As you read the scroll labelled KIERPH KATSO, it crumbles to dust.
It is a scroll of identify.
z - 2 scrolls of brand weapon The worm closely misses you.
The goblin shoots a sling bullet.
The sling bullet hits you.
* * * LOW HITPOINT WARNING * * *
You block the worm's attack.
As you read the scroll labelled DUNOMU UHEJEU, it crumbles to dust.
The creatures around you are filled with an inner flame!
It was a scroll of immolation.
As you read the scroll labelled PISALESOPN, it crumbles to dust.
It is a scroll of amnesia.
You feel forgetful for a moment. You block the worm's attack.
The worm bites you.
* * * LOW HITPOINT WARNING * * *
As you read the scroll labelled ISMYPH JERR, it crumbles to dust.
Magic quickly surges around you.
It was a scroll of vulnerability.
The worm bites you.
* * * LOW HITPOINT WARNING * * *
The worm splashes around in the water.
As you read the scroll labelled OHYSOS SIPS, it crumbles to dust.
You hear a loud clanging noise!
It was a scroll of noise.
Grinder hits you but does no damage. Grinder gestures at you.
You barely resist.
As you read the scroll labelled NETHEV TIZEI, it crumbles to dust.
The scroll dissolves into smoke.
It was a scroll of fog.
Grinder hits you!
You die...

#### ####* ####
#.~~#####~~###
#..§g~~~~~...#
#.§ww5~~~....#
##~§@####...##
#§§##......#
#§~#...###.#########
#~~#.............g..
**#~~#...#############
**~~....## # *#~.....#
# *##.....# # *,,****
#


You could see Grinder (fast, inner flame, weak-willed), 2 worms and a goblin
(inner flame, weak-willed).

Vanquished Creatures
  4 river rats (Sewer)
  7 adders
  2 worms
  A dart slug (D:1)
  15 ball pythons
  15 bats
  4 endoplasms
  5 giant cockroaches
  8 goblins
  9 hobgoblins
  8 jackals
  5 quokkas
  6 frilled lizards
  3 kobolds
  6 rats
98 creatures vanquished.

Vanquished Creatures (others)
  3 fungi (D:1)
  A plant (D:1)
4 creatures vanquished.

Grand Total: 102 creatures vanquished

Notes
Turn   | Place    | Note
-------+----------+-------------------------------------------
     0 | D:1      | zishaf the Vine Stalker Brigand began the quest for the
                  | Orb.
     0 | D:1      | Reached XP level 1. HP: 11/11 MP: 2/2
    55 | D:1      | Reached skill level 1 in Dodging
    55 | D:1      | Reached XP level 2. HP: 7/15 MP: 3/3
    67 | D:1      | Reached skill level 5 in Stealth
   454 | D:1      | Found Jogrypn's Weapon Shoppe.
   461 | D:1      | Reached XP level 3. HP: 18/18 MP: 4/4
  1145 | D:1      | Found a faded altar of an unknown god.
  1334 | D:2      | Gained mutation: Your natural rate of healing is unusually
                  | fast. [Vine Stalker growth]
  1334 | D:2      | Reached XP level 4. HP: 18/23 MP: 3/5
  1583 | D:2      | Reached skill level 1 in Shields
  1780 | D:3      | Found Tonimn's Distillery.
  1796 | D:3      | Bought a potion of lignification for 30 gold pieces
  2048 | D:3      | Found a sacrificial altar of Ru.
  2066 | D:3      | Noticed Grinder
  2086 | D:3      | Found a glowing drain.
  2095 | Sewer    | Entered a sewer
  2109 | Sewer    | Reached XP level 5. HP: 26/27 MP: 4/6
  2917 | D:3      | Paralysed by Grinder for 5 turns
  2929 | D:3      | Slain by Grinder

Illustrated notes

Levels and vault maps discovered:
D:1:      tarquinn_simple_flora_water_b, layout_rooms, serial_shops,
          nicolae_shop_bloodbath_and_beyond,
          shapermc_ecumenical_altar_hornbeckon, minmay_domino_4
D:2:      layout_basic, nicolae_concentric_dashed_squares_mild
D:3:      layout_basic, old_standard_altar, general_overflow_altar,
          cheibrodos_sewer_entry_bend, serial_shops, shop, grunt_ministairs_7,
          uniq_robin, uniq_grinder

Skill      XL: |  1  2  3  4 |
---------------+-------------+-----
Dodging        | 1 |  1.0
Stealth        | 5 |  5.8
Fighting       | 2 |  2.8
Short Blades   | 2 |  2.7
Throwing       | 2 |  2.8
Shields        | 1 |  1.5
Evocations     | |  0.9

Action                   |  1- 3 |  4- 6 || total
-------------------------+-------+-------++-------
Melee: Dagger            |   103 |   197 ||   300
       Bite              |    17 |    35 ||    52
Throw: Dart              |     4 |     1 ||     5
  Use: Scroll            |       |     7 ||     7
       Potion            |       |     3 ||     3
 Stab: Sleeping          |     7 |     8 ||    15
       Distracted        |       |     1 ||     1
Armor: Robe              |    16 |       ||    16
       Leather armour    |     6 |    61 ||    67
       Skin              |       |    49 ||    49
Dodge: Dodged            |    42 |   145 ||   187
Block: Buckler           |     6 |    61 ||    67

Table legend: (Time is in decaauts)
 A = Elapsed time spent in this place.
 B = Non-inter-level travel time spent in this place.
 C = Inter-level travel time spent in this place.
 D = Time resting spent in this place.
 E = Time spent auto-exploring this place.
 F = Levels seen in this place.
 G = Mean time per level.
                   A        B        C        D        E       F      G
               +--------+--------+--------+--------+--------+-----+--------+
         Total |   3112 |   3062 |     50 |     18 |   1830 |   4 |  778.0 |
       Dungeon |   2105 |   2055 |     50 |      0 |   1314 |   3 |  701.7 |
         Sewer |   1006 |   1006 |      0 |     18 |    516 |   1 | 1006.0 |
               +--------+--------+--------+--------+--------+-----+--------+

Top non-repeatable levels by time:
     D:1: 1161 daAuts
   Sewer: 1006 daAuts
     D:2: 596 daAuts
     D:3: 346 daAuts
